Cogmind - Beta 13 @@@ ROGUE MODE // 2024.05.28 @ 13:52:26 Player: Heliostats Result: Destroyed by MO-V79(R) with Subdweller Laser Performance ------------- Evolutions (0) 0 Regions Visited (2) 400 Robots Destroyed (22) 110 Value Destroyed (434) 434 Prototype IDs (12) 240 Alien Tech Used (0) 0 Bonus (0) 0 TOTAL SCORE: 1184 Bonus ------- None Cogmind --------- Core Integrity 0/250 Matter 254/300 Energy 99/100 System Corruption 3% Temperature Warm (133) Movement Flying (40) Location -10/Subcaves Parts ------- > --- POWER (1) -------- (None) > --- PROPULSION (2) --- Flight Unit > --- UTILITY (2) ------ Signal Interpreter > --- WEAPON (2) ------- Light Assault Rifle Makeshift Sword > --- INVENTORY (5) ---- Improved Terrain Scanner Gun Armor Subdweller Shrapnel Launcher Mining Laser Peak State ------------ > --- POWER ------------ Light Ion Engine > --- PROPULSION ------- Flight Unit Flight Unit > --- UTILITY ---------- Sensor Array Signal Interpreter > --- WEAPON ----------- Light Assault Rifle Makeshift Sword > --- INVENTORY -------- Improved Terrain Scanner Gun Armor Subdweller Shrapnel Launcher Mining Laser [Rating: 11] Favorites ----------- Power Light Ion Engine Engine Light Ion Engine Propulsion Light Treads Treads Light Treads Flight Unit Flight Unit Utility Sensor Array Device Sensor Array Storage Small Storage Unit Processor Signal Interpreter Weapon Light Assault Rifle Energy Cannon Beam Cannon Ballistic Gun Light Assault Rifle Special Weapon Mining Laser Slashing Weapon Makeshift Sword Build | -11 -10 -10 ------- Run | Yrd Mat Sub Slots Evolved . | . . . Power . | . . . Propulsion . | . . . Utility . | . . . Weapon . | . . . Parts Attached 26 | 7 16 3 Power 4 | 1 3 . Engine 4 | 1 3 . Core . | . . . Reactor . | . . . Propulsion 7 | 2 5 . Treads 5 | 2 3 . Leg . | . . . Wheel . | . . . Hover . | . . . Flight 2 | . 2 . Utility 6 | 2 4 . Device 4 | 1 3 . Storage 1 | 1 . . Processor 1 | . 1 . Hackware . | . . . Protection . | . . . Artifact . | . . . Weapon 9 | 2 4 3 Energy Gun . | . . . Energy Cannon 1 | . 1 . Ballistic Gun 6 | 2 2 2 Ballistic Cannon . | . . . Launcher . | . . . Special Weapon 1 | . 1 . Impact Weapon . | . . . Slashing Weapon 1 | . . 1 Piercing Weapon . | . . . Special Melee Weapon . | . . . Unidentified Prototypes . | . . . Parts Lost 6 | . 3 3 Power 2 | . 1 1 Propulsion 2 | . 1 1 Utility 1 | . . 1 Weapon 1 | . 1 . Highest Loss Streak 3 | . 3 3 To Critical Strikes . | . . . Average Slot Usage (%) 94 | . 95 86 Engine 13 | . 13 12 Treads 20 | . 22 . Flight 7 | . 5 26 Device 18 | . 19 12 Processor 8 | . 8 14 Energy Cannon 8 | . 9 . Ballistic Gun 13 | . 14 11 Special Weapon 1 | . 1 . Naked Turns . | . . . Heaviest Build 13 | 12 13 7 Greatest Support 40 | 40 40 8 Greatest Overweight (x) 1 | . 1 . Average Overweight (x) . | . . . Largest Inventory Capacity 8 | 8 8 5 Average Capacity 5 | 7 5 5 Most Carried 5 | 4 5 5 Average Carried 3 | . 3 4 Final Capacity 8 | 8 5 5 Final Carried 4 | . 4 4 Class Distribution -------------------- 78% | Mutant 21% | Scavenger-Mutant Dominant Class ---------------- Mutant | -10/Materials Scavenger-Mutant | -10/Subcaves Resources | -11 -10 -10 ----------- Run | Yrd Mat Sub Matter Collected 552 | 225 282 45 Remotely . | . . . Salvage Created 607 | 12 595 . Parts 50 | 4 46 . Haulers Intercepted 2 | . 2 . Recyclers Shooed 1 | . 1 . Parts Field Recycled . | . . . Retrieved Matter . | . . . Parts Self-Destructed . | . . . Prevented . | . . . Kills | -11 -10 -10 ------- Run | Yrd Mat Sub Combat Hostiles Destroyed 15 | . 15 . Guns 6 | . 6 . Cannons 9 | . 9 . Classes Destroyed 6 | 1 5 . Builder 1 | . 1 . Tunneler 2 | 1 1 . Hauler 2 | . 2 . Watcher 2 | . 2 . Swarmer 6 | . 6 . Grunt 9 | . 9 . Best Kill Streak 4 | 1 4 . Combat Bots Only 4 | . 4 . Max Kills in Single Turn 1 | 1 1 . Gunslinging . | . . . Exploded . | . . . Melee . | . . . Uniques/NPCs Destroyed . | . . . Combat | -11 -10 -10 -------- Run | Yrd Mat Sub Hostile Shots Fired 126 | . 115 11 Missed 26 | . 23 3 Damage Taken 1027 | . 847 180 Core 267 | . 197 70 Absorbed by Shields . | . . . Regen/Repaired (Parts) 47 | . 47 . Core Remaining (%) 100 | 100 . . Volleys Fired 105 | 1 93 11 Largest 2 | 2 2 1 Hottest 100 | 40 100 20 Shots Fired 161 | 2 149 10 Gun 90 | 2 78 10 Cannon 53 | . 53 . Launcher . | . . . Special 18 | . 18 . Kinetic 90 | 2 78 10 Thermal 71 | . 71 . Explosive . | . . . Electromagnetic . | . . . Robot Hit Streak 13 | 1 13 3 Robot Miss Streak 6 | . 6 1 Penetration Max . | . . . Secondary Targets . | . . . Shots Hit Robots 77 | 1 73 3 Core Hits 36 | 1 33 2 Critical Kills 1 | . 1 . Critical Parts Destroyed 1 | . 1 . Critical Strikes 2 | . 2 . Destroy 2 | . 2 . Melee Attacks 3 | . . 3 Impact . | . . . Slashing 3 | . . 3 Piercing . | . . . Sneak Attacks . | . . . Combat Hostiles . | . . . Follow-up Attacks . | . . . Damage Inflicted 1016 | 11 981 24 Guns 435 | 11 400 24 Cannons 557 | . 557 . Explosions . | . . . Melee . | . . . Ramming . | . . . Kinetic 435 | 11 400 24 Thermal 581 | . 581 . Explosive . | . . . Electromagnetic . | . . . Impact . | . . . Slashing . | . . . Piercing . | . . . Highest Corruption 3 | . 3 3 Average Corruption 2 | . 2 3 Corruption Purged . | . . . Corruption Blocked . | . . . Effects 17 | . 14 3 Message Errors 6 | . 5 1 Heat Flow Errors 4 | . 3 1 Energy Discharges 1 | . 1 . Data Loss (minor) 3 | . 3 . Data Loss (major) 1 | . 1 . Misfires 1 | . 1 . Weapon Failures 1 | . . 1 Overload Shots . | . . . Overflow Damage 6 | . 6 . Projectiles 6 | . 6 . Explosions . | . . . Melee . | . . . Knockbacks . | . . . Impact . | . . . Kinetic . | . . . Secondary . | . . . Self-Inflicted Damage . | . . . Shots . | . . . Rammed . | . . . Targets Rammed . | . . . Kicked . | . . . Crushed . | . . . Highest Temperature 415 | . 415 219 Average Temperature 129 | . 128 174 Received Heat Transfer 258 | . 204 54 Effects 8 | . 8 . Shutdowns 1 | . 1 . Energy Bleed 1 | . 1 . Interference 4 | . 4 . Matter Decay 1 | . 1 . Damage (minor) 1 | . 1 . Siege Activations . | . . . Robots Corrupted . | . . . Combat Hostiles . | . . . Parts Fried . | . . . Impact Corruptions . | . . . Robots Melted . | . . . Combat Hostiles . | . . . Parts Melted 1 | . 1 . Heat Transferred 1234 | . 1234 . Parts Sabotaged . | . . . Parts Stolen . | . . . Parts Stripped . | . . . Power Chain Reactions . | . . . Alert | -11 -10 -10 ------- Run | Yrd Mat Sub Peak Influence 182 | 5 182 . Initial 3 | . 3 . Average 72 | 1 77 . Maximum Alert Level . | . . . Low Security (%) 100 | 100 100 . Level 1 . | . . . Level 2 . | . . . Level 3 . | . . . Level 4 . | . . . Level 5 . | . . . High Security . | . . . Max Security . | . . . Squads Dispatched 3 | . 3 . Investigation 3 | . 3 . Extermination . | . . . Reinforcement . | . . . Assault . | . . . Garrison . | . . . Intercept . | . . . Searches Triggered . | . . . Construction Impeded . | . . . Haulers Reinforced . | . . . Active Scanning Responses . | . . . Cargo Convoy Interrupts . | . . . Stealth | -11 -10 -10 --------- Run | Yrd Mat Sub Distress Signals 2 | . 2 . Communications Jammed . | . . . Distress Signals . | . . . Times Spotted 25 | . 21 4 Peak Tracking Total 4 | . 4 2 Tactical Retreats 2 | . 1 1 Traps | -11 -10 -10 ------- Run | Yrd Mat Sub Traps Triggered 2 | . 2 . Indirectly . | . . . Trap Hack Attempts . | . . . Triggered . | . . . Disarmed . | . . . Reprogrammed . | . . . Reused . | . . . Traps Extracted . | . . . Installed . | . . . Triggered . | . . . Machines | -11 -10 -10 ---------- Run | Yrd Mat Sub Machines Disabled 1 | . . 1 Max in Single Turn 1 | . . 1 Machines Repaired . | . . . Machines Dismantled . | . . . Machines Sabotaged . | . . . Overloaded Fab Kills . | . . . Hacking | -11 -10 -10 --------- Run | Yrd Mat Sub Machines Accessed 10 | . 9 1 Terminals 7 | . 7 . Fabricators . | . . . Repair Stations 1 | . 1 . Recycling Units 1 | . 1 . Scanalyzers . | . . . Garrison Access . | . . . Total Hacks 36 | . 27 9 Successful 22 | . 13 9 Failed 14 | . 14 . Catastrophic 2 | . 2 . Database Lockouts . | . . . Manual 2 | . 2 . Terminals 18 | . 18 . Fabricators . | . . . Repair Stations 4 | . 4 . Recycling Units 5 | . 5 . Scanalyzers . | . . . Garrison Access . | . . . Terminal Hacks 17 | . 8 9 Record 8 | . . 8 Prototype ID Bank 1 | . 1 . Alert Level 1 | . 1 . Unreport Threat 1 | . 1 . Locate Traps 1 | . 1 . Surveillance Status 1 | . 1 . Zone Layout 3 | . 3 . Derelict Proto ID Bank 1 | . . 1 Fabricator Hacks . | . . . Repair Station Hacks 4 | . 4 . Scan Component 2 | . 2 . Repair 2 | . 2 . Recycling Unit Hacks 1 | . 1 . Report Inventory 1 | . 1 . Scanalyzer . | . . . Garrison Access Hacks . | . . . Unauthorized Hacks . | . . . Terminals . | . . . Fabricators . | . . . Repair Stations . | . . . Recycling Units . | . . . Scanalyzers . | . . . Garrison Access . | . . . Data Cores Recovered . | . . . Used . | . . . Hacking Detections 7 | . 7 . Full Trace Events 3 | . 3 . Feedback Events 1 | . 1 . Corruption 1 | . 1 . Feedback Blocked . | . . . Robot Schematics Acquired . | . . . Robots Built . | . . . Authchips . | . . . Time . | . . . Total Robot Build Rating . | . . . Part Schematics Acquired . | . . . Parts Built . | . . . Authchips . | . . . Time . | . . . Total Part Build Rating . | . . . Parts Repaired 2 | . 2 . Time 64 | . 64 . Parts Recycled . | . . . Recycled Matter . | . . . Retrieved Matter . | . . . Retrieved Components . | . . . Parts Scanalyzed . | . . . Part Schematics Acquired . | . . . Parts Damaged . | . . . Bothacking | -11 -10 -10 ------------ Run | Yrd Mat Sub Used RIF Installer . | . . . Robots Hacked . | . . . Non-combat . | . . . Combat . | . . . Robot Hacks Applied . | . . . Relay Couplers Released . | . . . Fabnet Peak Effective % . | . . . Robots Rewired . | . . . Allies Hacked . | . . . Hacks Repelled . | . . . Allies | -11 -10 -10 -------- Run | Yrd Mat Sub Total Allies . | . . . Largest Group . | . . . Highest-Rated Group . | . . . Highest-Rated Ally . | . . . Total Orders . | . . . Ally Attacks . | . . . Total Damage . | . . . Kills . | . . . Allies Corrupted . | . . . Allies Melted . | . . . Intel | -11 -10 -10 ------- Run | Yrd Mat Sub Robot Analysis Total . | . . . Derelict Logs Recovered 1 | . . 1 Drone Launches . | . . . Drone Recoveries . | . . . Exploration | -11 -10 -10 ------------- Run | Yrd Mat Sub Turns Passed 1310 | 85 1128 97 Spaces Moved 725 | 51 523 151 Core 12 | 11 1 . Treads 402 | 40 362 . Legs . | . . . Wheels . | . . . Hover . | . . . Flight 311 | . 160 151 Fastest Speed 37 | 50 37 37 Average Speed 105 | 136 122 37 Slowest Speed 160 | 160 160 37 Overloaded Moves . | . . . Propulsion Burnouts . | . . . Robots Hopped 4 | . 4 . Cave-ins Triggered . | . . . Exploration Rate (%) 31 | 5 70 18 Regions Visited 2 Branch Regions 1 Pre-discovered Areas . | . . . Known Exits Taken 1 | . 1 . Unknown Exits Taken 1 | 1 . . Scrap Searched 2 | . . 2 Spaces Dug . | . . . Terrain Destroyed . | . . . Melee . | . . . Projectile . | . . . AOE . | . . . Terrain Rammed . | . . . Walls Destroyed . | . . . Machines Disabled . | . . . Actions | -11 -10 -10 --------- Run | Yrd Mat Sub Total 1081 | 65 834 182 Wait 198 | . 190 8 Move 715 | 50 514 151 Hop 4 | . 4 . Pick Up 18 | 7 8 3 Fast Attach 7 | . 6 1 Attach 9 | 7 1 1 Detach 1 | . 1 . Swap 10 | . 9 1 Drop 11 | . 8 3 Fire 105 | 1 93 11 Melee 3 | . . 3 Ram . | . . . Kick . | . . . Crush . | . . . Escape Stasis . | . . . Rewire . | . . . Trap . | . . . Miscellaneous . | . . . Route ------- -11/Scrapyard -10/Materials (discovered 4 exits: *Mat x2 / *Min / *Sub) -10/Subcaves History --------- Turn | Location | Event 5 | -11/Scrapyard | Discovered new exit (range 16) 86 | -11/Scrapyard | Entered Materials 315 | -10/Materials | Build established: Mutant 346 | -10/Materials | Discovered new exit (range 9) 593 | -10/Materials | Discovered new exit (range 7) 606 | -10/Materials | Identified exit to Mines 811 | -10/Materials | Repaired Lgt. Ion Engine 851 | -10/Materials | Repaired Imp. Terrain Scanner 860 | -10/Materials | Discovered new exit (range 5) 865 | -10/Materials | Identified exit to Materials 940 | -10/Materials | Core integrity fell below 50% 1001 | -10/Materials | Lost 3 parts (1p1n1w) 1209 | -10/Materials | Discovered new exit (range 3) 1213 | -10/Materials | Identified exit to Subcaves 1214 | -10/Materials | Entered Subcaves 1216 | -10/Subcaves | Learned Materials terminal intel 1260 | -10/Subcaves | Visited 4L-MR0's lab 1280 | -10/Subcaves | Found Gun Armor 1294 | -10/Subcaves | Core integrity fell below 20% 1311 | -10/Subcaves | Destroyed by MO-V79(R) with Subdweller Laser Last Messages --------------- "Damn Subs sneaking around stealing my stuff." 01269_ 8REVUMR WLYW4ZAAX IFX W>NVGKU 01269_ System corrupted: Lgt. Assault Rifle jammed. 01270_ 4L-MR0 mumbles: "I'm surprised some of them are even willing to come in here given their fear of my usual visitors." 01276_ Dropped Lgt. Assault Rifle. 01276_ Testing Chamber breached. 01279_ Dropped Beam Cannon. 01280_ Dropped ECM Suite. 01280_ Acquired Gun Armor. 01282_ Acquired Lgt. Assault Rifle. 01285_ 4L-MR0 mumbles: "Who knows where that last prototype ended up, probably tossed aside somewhere as if it were useless junk..." 01302_ Sensor Array destroyed. 01307_ System corrupted: Heat flow error (+223). 01307_ Flight Unit destroyed. 01309_ Lgt. Ion Engine destroyed. Map ----- +----------------------------------------------------+ | ?????????????????????????????? | | ?????????????????????????????? | | ?????????????????????????????? | | ?????????????????????????????? | | ?????????????????????????????? | | ?????????????????????????????? | | ?????????????????????????????? | | ?????????????????????????????? | | ?????????????????????????????? | | ?????????????????????????????? | | ?????????????????????????????? | | ?????????????????????????????? | | ?????????????????????????????? | | ?????????????????????????????? | | ?????????????????????????????? | | ?????????????????????????????? | | ????????????????? ???????????? | | ????????????????? ?????????? | | ???????????????? ?????????? | | ???????????????? #?????????? | | ???????????????# #?????????? | | ???????????????#% %###???????? | | ???????????????# % #???????? | | ????????###????# #???????? | | ???####??$ ##??# #???????? | | ???#!@#??# " ?## #????????? | | ???#"]####" "?# #????????? | | ???## ##" ###" #????????? | | ???#" #?# # " #????????? | | ???#"" #?# #?###?????? | | ???#"XRR#?# ### ##????# | | ???#"" #?# #" ## #???# | | ???#" #### ## #???? | | ???#" ## * # ##### | | ???# u#+##% "## # # | | ???#""# ## "## ## | | ???#### "### # | | ??????#" " ### #### ### | | ??????#######?## #??##### | | ???????????????## ##??### # | | ????????????????# #?## # | | ????????????????# ##?# # | | ????????????????# ##?# ## # | | ???????????????## #?# ##% | | ???????????????# ### ## | | ???????????????# ## | | ???????????????# #? | | ???????????????## ##? | | ???????????????## #?? | | ???????????????# #??# | +----------------------------------------------------+ Best States ------------- Heat Dissipation 25 Energy Generation 10 Energy Capacity 250 Matter Stores 300 Matter Capacity 300 Sight Range 16 Robot Scan Range 14 Terrain Scan Range 16 Terrain Scan Density 10 ECM Strength 1 Evasion (%) 62 Recoil Reduction 2 Item Schematics ----------------- None Robot Schematics ------------------ None Fabricated ------------ Nothing Alien Tech Used ----------------- None Achievements -------------- None Challenges ------------ None Game ------ Seed GammaSmallSaw Manual? 0 Play Time 00:17:14 Cumulative 13.6 hours Start 2024.05.28 @ 13:37:23 End 2024.05.28 @ 13:52:26 Sessions 1 Manual Loads 0 Difficulty Rogue Special Mode None Game No. 19 Rogue 7 Adventurer 12 Explorer 0 Win Type - Total 0 Types 0/0/0/0/0/0/0/0/0 Lore% 17 Gallery% 19 Achievement% 15 Wizard Run 0 Options --------- Layout 1 ASCII 0 Keyboard 0 Movement Mouse Keybinds 0 Fullscreen 2 Font 24/Smallcaps Map View 50x35 Zoom Use 0% Tactical HUD 1 Map Filters NONE Filters NONE Steam 1 RUN: d24f7223-f8ed-415a-9c98-28abade06ebf